 Dungeon Crawl Stone Soup version 0.28-a0-1182-g381e24db82 (webtiles) character file.

Game seed: 10953232806133118028

130 siradein the Caller (level 5, -3/30 HPs)
             Began as a Tengu Summoner on Dec 17, 2021.
             Killed from afar by Ijyb (33 damage)
             ... with a bolt of acid
             ... on level 3 of the Dungeon.
             The game lasted 00:11:42 (2857 turns).

siradein the Caller (Tengu Summoner)                Turns: 2857, Time: 00:11:43

Health: -3/30      AC:  3    Str:  8    XL:     5   Next: 13%
Magic:  6/10       EV: 14    Int: 17    God:
Gold:   69         SH:  0    Dex: 15    Spells: 3/9 levels left

rFire   . . .      SeeInvis .   e - +0 long sword
rCold   . . .      Faith    .   (no shield)
rNeg    . . .      Spirit   .   l - +0 leather armour
rPois   .          Reflect  .   (helmet restricted)
rElec   .          Harm     .   (no cloak)
rCorr   .          Rampage  .   (no gloves)
Will    .....                   (boots unavailable)
Stlth   ++........              k - amulet of magic regeneration
HPRegen 0.10/turn               (no ring)
MPRegen 0.52/turn               (no ring)

@: flying quickly and evasively, quick
A: beak, talons 3, nimble flight
a: no special abilities


You were on level 3 of the Dungeon.
You visited 1 branch of the dungeon, and saw 3 of its levels.

You collected 69 gold pieces.

Inventory:

Hand Weapons
 e - a +0 long sword (weapon)
Armour
 g - a +0 kite shield
 l - a +0 leather armour (worn)
Magical Staves
 d - a staff of fire
Jewellery
 k - an amulet of magic regeneration (around neck)
Scrolls
 h - a scroll of teleportation {unknown}
 i - 2 scrolls of identify {unknown}
Potions
 a - a potion of curing {unknown}
 b - 2 potions of mutation {unknown}
 c - a potion of resistance {unknown}
 f - a potion of heal wounds {unknown}
 j - a potion of brilliance {unknown}
 m - 2 potions of berserk rage {unknown}


   Skills:
 + Level 2.0 Fighting
 + Level 3.3 Dodging
 - Level 2.0 Stealth
 + Level 2.9 Spellcasting
 + Level 5.6 Summonings


You had 3 spell levels left.
You knew the following spells:

 Your Spells              Type           Power      Damage    Failure   Level
a - Summon Small Mammal   Summ           84%        N/A       2%          1
b - Call Imp              Summ           21%        N/A       3%          2
c - Call Canine Familiar  Summ           21%        N/A       8%          3

Your spell library contained the following spells:

 Spells                   Type           Power      Damage    Failure   Level
 Summon Guardian Golem    Hex/Summ       12%        N/A       24%         3
 Slow                     Hex            8%         N/A       26%         1
 Corpse Rot               Necr/Air       4%         N/A       36%         2
 Ensorcelled Hibernation  Hex/Ice        4%         N/A       36%         2
 Confusing Touch          Hex            2%         N/A       61%         3
 Tukima's Dance           Hex            2%         N/A       61%         3
 Summon Lightning Spire   Summ/Air       12%        N/A       63%         4
 Dispel Undead            Necr           2%         3d7       95%         4
 Yara's Violent Unravell  Hex/Tmut       1%         3d3       100%        5
 Death Channel            Necr           1%         N/A       100%        6


Dungeon Overview and Level Annotations

Branches:
Dungeon (3/15)

Altars:
Wu Jian

Shops:
D:2 *

Annotations:
D:3 Ijyb


Innate Abilities, Weirdness & Mutations

You have a beak for a mouth.
You have claws for feet.
Your magical nature lets you fly swiftly and evasively.


Message History

Your hound bites the scorpion.
Your shadow imp gestures at the scorpion.
The scorpion writhes in agony!
The scorpion dies!
Your Fighting skill increases to level 2!
You have reached level 5!
Your magical nature develops, letting you fly swiftly and evasively.
You swap places.
You swap places.
You see here a scorpion corpse.
m - 2 murky grey potions (gained 1) Ijyb the Twisted Goblin comes into view.
She is wielding a +0 dagger and carrying a wand of acid (9).
Found 13 gold pieces.
What are your orders? t - Shout!
Orders for allies: a - Attack new target. r - Retreat! s - Stop attacking. g - Guard the area. f - Follow me.
Anything else - Cancel.
Gang up on whom?
Press: ? - help, Dir - move target, f - Ijyb
Aim: Ijyb, wielding a +0 dagger, wearing a +0 leather armour and carrying a wand of acid (9) (asleep) Attack!
You swap places.
Your hound disappears in a puff of smoke!
Casting: Call Canine Familiar (quite dangerous; 8% risk of failure)
Confirm with . or Enter, or press ? or * to list all spells.
The spell is quite dangerous to miscast (8% risk of failure)!
Continue anyway?
Ijyb hits your shadow imp with a +0 dagger.
Your shadow imp dies!
Your shadow imp disappears in a puff of smoke!
Casting: Call Canine Familiar (quite dangerous; 8% risk of failure)
Confirm with . or Enter, or press ? or * to list all spells.
You don't know that spell.
Casting: Call Canine Familiar (quite dangerous; 8% risk of failure)
Confirm with . or Enter, or press ? or * to list all spells.
A beastly little devil appears in a puff of flame.
Ijyb zaps a wand.
The bolt of acid hits you!!
Ouch! That really hurt!
You die...

#.....).....# #.# #.........
##...##.#......... .>........
##...##..#........###.........
#..####.##..........##........
##..###.# ######.##....
##.....#####....#...#.
####.....#...........
#.###.†..5.h§.§... #.#
##...@..§!g... #.#
#...........$
#.##..............
#....###...##..... #..## #####
..... ### .... ... ...


You could see Ijyb (ally target), a friendly hound (summoned) and a friendly
crimson imp (summoned).

Vanquished Creatures
  An adder (D:2)
  4 ball pythons
  An endoplasm (D:1)
  2 giant cockroaches (D:1)
  3 goblins (D:1)
  A hobgoblin (D:1)
  A quokka (D:1)
  2 bats
  2 frilled lizards
  5 kobolds
  3 rats
25 creatures vanquished.

Vanquished Creatures (collateral kills)
  A scorpion (D:3)
  An adder (D:2)
  2 worms (D:2)
  2 dart slugs (D:2)
  A ball python (D:1)
  3 endoplasms
  3 goblins
  2 quokkas
  A kobold (D:3)
  A rat (D:2)
17 creatures vanquished.

Grand Total: 42 creatures vanquished

Notes
Turn   | Place    | Note
-------+----------+-------------------------------------------
     0 | D:1      | siradein the Tengu Summoner began the quest for the Orb.
     0 | D:1      | Reached XP level 1. HP: 10/10 MP: 4/4
   585 | D:1      | Reached XP level 2. HP: 8/15 MP: 4/6
   588 | D:1      | Learned a level 2 spell: Call Imp
   732 | D:1      | Reached skill level 5 in Summonings
  1433 | D:2      | Found an ornate altar of the Wu Jian Council.
  1468 | D:2      | Reached skill level 1 in Fighting
  1468 | D:2      | Reached XP level 3. HP: 9/20 MP: 7/7
  1472 | D:2      | Learned a level 3 spell: Call Canine Familiar
  2443 | D:2      | Reached XP level 4. HP: 25/25 MP: 8/8
  2564 | D:2      | Found Uteil's General Store.
  2829 | D:3      | Noticed a scorpion
  2839 | D:3      | Killed a scorpion
  2840 | D:3      | Gained mutation: Your magical nature lets you fly swiftly
                  | and evasively. [Tengu growth]
  2840 | D:3      | Reached XP level 5. HP: 30/30 MP: 10/10
  2850 | D:3      | Noticed Ijyb
  2857 | D:3      | Killed from afar by Ijyb

Illustrated notes

Levels and vault maps discovered:
D:1:      grunt_arrival_crossed_arrows, layout_rooms,
          wad_floor_pattern_untrapped, minmay_tiny_reverse_x
D:2:      layout_loops_ring, serial_shops, shop, basic_altar,
          grunt_decor_fettered, grunt_decor_one_mirror
D:3:      layout_rooms, mainiacjoe_overflow_paths, uniq_ijyb

Skill      XL: |  1  2  3  4 |
---------------+-------------+-----
Summonings     | 5 |  5.6
Fighting       | 1 2 |  2.0
Dodging        | 3 |  3.3
Stealth        | |  2.0
Spellcasting   | |  2.9

Action                   |  1- 3 |  4- 6 || total
-------------------------+-------+-------++-------
Melee: Unarmed           |     8 |       ||     8
       Kick              |     7 |       ||     7
       Peck              |     4 |       ||     4
       Club              |     4 |       ||     4
       Long sword        |    31 |     3 ||    34
 Cast: Summon Small Mamm |    18 |       ||    18
       Call Imp          |     9 |     2 ||    11
       Call Canine Famil |       |     3 ||     3
 Stab: Sleeping          |     7 |       ||     7
       Distracted        |     1 |       ||     1
Armor: Robe              |     5 |       ||     5
       Leather armour    |     2 |     1 ||     3
Dodge: Dodged            |    25 |     2 ||    27

Table legend: (Time is in decaauts)
 A = Elapsed time spent in this place.
 B = Non-inter-level travel time spent in this place.
 C = Inter-level travel time spent in this place.
 D = Time resting spent in this place.
 E = Time spent auto-exploring this place.
 F = Levels seen in this place.
 G = Mean time per level.
                   A        B        C        D        E       F      G
               +--------+--------+--------+--------+--------+-----+--------+
         Total |   2868 |   2817 |     51 |      7 |   2319 |   3 |  956.0 |
       Dungeon |   2868 |   2817 |     51 |      7 |   2319 |   3 |  956.0 |
               +--------+--------+--------+--------+--------+-----+--------+

Top non-repeatable levels by time:
     D:1: 1362 daAuts
     D:2: 1347 daAuts
     D:3: 159 daAuts
